 Dungeon Crawl Stone Soup version 0.25-a0-265-g7af84ae0ac (webtiles) character file.

Game seed: 14195968495848351778, levelgen mode: deterministic

509 floatRand the Shield-Bearer (level 6, -3/47 HPs)
             Began as a Demonspawn Fighter on Dec 7, 2019.
             Killed by divine providence
             ... invoked by an orc priest
              (12 damage)
             ... on level 3 of the Dungeon.
             The game lasted 00:03:01 (2426 turns).

floatRand the Shield-Bearer (Demonspawn Fighter)    Turns: 2426, Time: 00:03:02

Health: -3/47      AC:  6    Str: 16    XL:     6   Next: 98%
Magic:  6/6        EV:  7    Int:  9    God:
Gold:   101        SH: 10    Dex: 15    Spells: 5/5 levels left

rFire    . . .     SeeInvis .   a - +0 trident
rCold    + . .     Gourm    .   c - +0 shield
rNeg     . . .     Faith    .   b - +0 scale mail
rPois    .         Spirit   .   (helmet restricted)
rElec    .         Reflect  .   (no cloak)
rCorr    .         Harm     .   (no gloves)
MR       .....                  (no boots)
Stlth    ..........             (no amulet)
HPRegen  0.15/turn              i - ring of protection from cold
MPRegen  0.10/turn              (no ring)

@: no status effects
A: antennae 2, demonic guardian 1, spiny 1
a: no special abilities


You were on level 3 of the Dungeon.
You were very hungry.

You visited 1 branch of the dungeon, and saw 3 of its levels.

You collected 101 gold pieces.

Inventory:

Hand Weapons
 a - a +0 trident (weapon)
Armour
 b - a +0 scale mail (worn)
 c - a +0 shield (worn)
Jewellery
 i - a ring of protection from cold (left hand)
Wands
 d - a wand of acid (4)
Scrolls
 e - 6 scrolls of identify {unknown}
 g - a scroll of fog {unknown}
 h - a scroll of blinking {unknown}
 j - a scroll of remove curse {unknown}
 m - a scroll of enchant armour {unknown}
Potions
 k - 2 potions of lignification {unknown}
 l - a potion of haste
 n - 2 potions of magic {unknown}
 o - a potion of flight {unknown}
Comestibles
 f - 3 rations


   Skills:
 - Level 3.0 Fighting
 + Level 5.0 Polearms
 - Level 2.6 Armour
 + Level 5.4 Shields


You had 5 spell levels left.
You didn't know any spells.
Your spell library was empty.

Dungeon Overview and Level Annotations

Branches:
Dungeon (3/15)

Altars:
Okawaru
Uskayaw
Xom
The Shining One


Innate Abilities, Weirdness & Mutations

You have a pair of antennae on your head.
A weak demonic guardian rushes to your aid.
You are partially covered in sharp spines.


Message History

Your white imp gestures at the orc.
The puff of frost hits the orc.
The orc dies!
You feel yourself speed up.
Your quasit barely misses the orc priest.
Your quasit claws the orc priest.
Your quasit closely misses the orc priest.
The orc priest calls down the wrath of Beogh upon you.
Beogh smites you!
* * * LOW HITPOINT WARNING * * *
The orc priest misses your quasit.
Your quasit bites the orc priest.
Your quasit barely misses the orc priest.
Your quasit claws the orc priest but does no damage.
The orc priest calls upon Beogh to heal the orc priest.
The orc priest's wounds heal themselves!
Unknown command.
Your white imp disappears in a puff of smoke!
The orc priest calls down the wrath of Beogh upon you.
Beogh smites you!
You die...

.....#+###..........##..#
........................#
...#.##......###.).......
..÷#.##........<...###+##
...#.##............## ..#
...#.##.............+...+
.##.....##........###...#
.##.....##..>...........#
........##......@.......#
.##......#..............#
.##......#..............#
.........#......5.###...#
÷........#........# ...#
.........##.......# ..#
.. .....#...##.......#
..+ ...
.....#........o...# .#
.... .....##.......o####
##+##....


You could see an orc priest and a friendly quasit.

Vanquished Creatures
  Grinder (D:3)
  2 crimson imps (D:3)
  A hound (D:3)
  2 orc wizards (D:3)
  Natasha (D:3)
  An adder (D:2)
  A worm (D:2)
  2 dart slugs (D:1)
  4 leopard geckos
  2 orcs (D:3)
  7 bats
  2 giant cockroaches (D:1)
  7 goblins
  5 hobgoblins
  8 kobolds
  2 quokkas (D:2)
  8 frilled lizards
  3 rats
59 creatures vanquished.

Vanquished Creatures (collateral kills)
  A crimson imp (D:3)
  An orc priest (D:3)
  2 orcs (D:3)
4 creatures vanquished.

Grand Total: 63 creatures vanquished

Notes
Turn   | Place    | Note
-------+----------+-------------------------------------------
     0 | D:1      | floatRand the Demonspawn Fighter began the quest for the
                  | Orb.
     0 | D:1      | Reached XP level 1. HP: 18/18 MP: 1/1
   145 | D:1      | Gained mutation: You have a pair of small antennae on your
                  | head. [demonic ancestry]
   145 | D:1      | Reached XP level 2. HP: 24/24 MP: 2/2
   595 | D:2      | Gained mutation: You are partially covered in sharp spines.
                  | [demonic ancestry]
   595 | D:2      | Reached XP level 3. HP: 25/29 MP: 3/3
   627 | D:2      | Found a glowing golden altar of the Shining One.
   765 | D:2      | Found an iron altar of Okawaru.
   895 | D:2      | Found a faded altar of an unknown god.
  1051 | D:2      | Noticed a -3 dagger
  1052 | D:2      | Noticed a +0 dagger
  1053 | D:2      | Found a hide-covered altar of Uskayaw.
  1454 | D:3      | Noticed Grinder
  1463 | D:3      | Killed Grinder
  1463 | D:3      | Gained mutation: You have a pair of antennae on your head.
                  | [demonic ancestry]
  1463 | D:3      | Reached XP level 4. HP: 12/35 MP: 4/4
  1463 | D:3      | Reached XP level 5. HP: 15/41 MP: 5/5
  1718 | D:3      | Gained mutation: A weak demonic guardian rushes to your
                  | aid. [demonic ancestry]
  1718 | D:3      | Reached XP level 6. HP: 47/47 MP: 6/6
  2085 | D:3      | Reached skill level 5 in Shields
  2231 | D:3      | Found an iron altar of Okawaru.
  2254 | D:3      | Found a shimmering altar of Xom.
  2392 | D:3      | Noticed Natasha
  2404 | D:3      | Killed Natasha
  2404 | D:3      | Reached skill level 5 in Polearms
  2426 | D:3      | Killed from afar by an orc priest

Levels and vault maps discovered:
D:1:      evilmike_arrival_rings, layout_basic
D:2:      layout_loops_corners, dancing_weapons_uskayaw, lemuel_round_altar,
          lemuel_doored_altar, chequers_ecumenical_altar_grove
D:3:      layout_basic, led_xom_imps, first_ration, kennysheep_okawaru_gauntlet,
          uniq_grinder, uniq_natasha, uniq_terence

Skill      XL: |  1  2  3  4  5  6 |
---------------+-------------------+-----
Polearms       | 2 4 5 |  5.0
Shields        | 3 4 5 |  5.4
Fighting       | |  3.0
Armour         | |  2.6

Action                   |  1- 3 |  4- 6 || total
-------------------------+-------+-------++-------
Melee: Trident           |   125 |    87 ||   212
  Use: Potion            |     1 |       ||     1
 Stab: Distracted        |       |     1 ||     1
  Eat: Chunk             |     1 |     3 ||     4
Armor: Scale mail        |    39 |    22 ||    61
Dodge: Dodged            |    25 |    15 ||    40
Block: Shield            |    57 |    35 ||    92

Table legend:
 A = Non-vault XP
 B = Vault XP
 C = Vault XP percentage of total XP
 D = Non-vault monster count
 E = Vault monster count
 F = Vault count percentage of total count
                 A         B        C        D         E       F
            +---------+---------+-------+---------+---------+-------
      Total |     265 |     463 |  63.6 |      56 |       7 |  11.1
            +---------+---------+-------+---------+---------+-------
        D:1 |      38 |       0 |   0.0 |      19 |       0 |   0.0
        D:2 |      45 |       0 |   0.0 |      19 |       0 |   0.0
        D:3 |     182 |     463 |  71.8 |      18 |       7 |  28.0
            +---------+---------+-------+---------+---------+-------
